AoeStats
← SlayerTi

Four Lakes

509368633Analyzed
1v1 RM · 6d ago on Sep 26, 2026· 24m 55s· 2 players
Game mode
Random Map
Map size
Tiny (2 player)
Population
200
Speed
Normal
Resources
Standard
Victory
Conquest
Starting age
Dark Age
Ending age
Imperial Age
RankedLock teamsTeams togetherTeam positionsShared explorationLock speedFull tech treeHidden civsTurbo modeCheats
Victory
Defeat
🇻🇳 Japanese · Vietnam
1242
+16
🇫🇷 Japanese · France
1247
-16
SlayerTi
6:34 Loom
9:48 Feudal Age
10:30 Man-at-Arms
11:49 Arson
14:15 Forging
15:13 Scale Mail Armor
23:10 Castle Age
23:15 Long Swordsman
23:41 Gambesons
24:16 Chain Mail Armor
25:40 Iron Casting
camille.pommiers
6:33 Loom
10:18 Feudal Age
14:27 Man-at-Arms
18:32 Castle Age
Connection lost

Rejoining the realm…

Still unreachable

The connection could not be restored.

Session expired

The server has moved on; the page needs a fresh start.